 Dungeon Crawl Stone Soup version 0.31.0 (webtiles) character file.

Game seed: 866014380540811165

114 qw the Shooter (level 4, 0/28 HPs)
             Began as a Gargoyle Hunter on Jan 19, 2024.
             Incinerated by a bombardier beetle (4 damage)
             ... with a burning spray
             ... on level 3 of the Dungeon.
             The game lasted 00:00:04 (970 turns).

qw the Shooter (Gargoyle Hunter)                     Turns: 970, Time: 00:00:04

Health: 0/28       AC:  6    Str: 15    XL:     4   Next: 97%
Magic:  4/4        EV: 11    Int:  9    God:
Gold:   23         SH:  0    Dex: 15    Spells: 3/3 levels left

rFire   . . .        a - +0 shortbow
rCold   . . .        (shield currently unavailable)
rNeg    + . .        c - +0 leather armour
rPois   inf          (no helmet)
rElec   +            (no cloak)
rCorr   .            (no gloves)
SInv    .            (no boots)
Will    .....        (no amulet)
Stlth   +            (no ring)
HPRegen 0.24/turn    (no ring)
MPRegen 0.09/turn

%: no passive effects
@: on fire, glowing
A: sickness immunity, AC +3, negative energy resistance 1, electricity
resistance, torment resistance 1, petrification resistance
a: no special abilities


You were on level 3 of the Dungeon.
You visited 1 branch of the dungeon, and saw 3 of its levels.

You collected 23 gold pieces.


Innate Abilities, Weirdness & Mutations

You are immune to sickness and miasma.
Your stone body is resilient. (AC +3)
You are immune to poison.
You resist negative energy. (rN+)
You are resistant to electric shocks. (rElec)
You are resistant to unholy torment.
You are immune to petrification.


   Skills:
 - Level 3.3 Fighting
 + Level 5.6 Ranged Weapons
 - Level 1.5 Dodging
 - Level 1.1 Stealth


You had 3 spell levels left.
You didn't know any spells.
Your spell library was empty.

Inventory:

Hand Weapons
 a - a +0 shortbow (weapon)
Armour
 c - a +0 leather armour (worn)
Scrolls
 b - 2 scrolls of teleportation {unknown}
Potions
 d - 2 potions of curing
 e - a potion of might {unknown}
 f - a potion of enlightenment {unknown}

Dungeon Overview and Level Annotations

Branches:
Dungeon (2/15)

Altars:
Qazlal


Message History

You shoot an arrow. The arrow hits the bat.
You kill the bat!
A malevolent force fills the Dungeon...
You fall into a shaft and drop 1 floor!
The shaft crumbles and collapses.
A bombardier beetle comes into view.
Found a dark potion.
Waypoint 2 assigned to D:3.
You shoot an arrow.
The arrow hits the bombardier beetle but does no damage.
You shoot an arrow.
The arrow hits the bombardier beetle but does no damage.
You shoot an arrow. The arrow hits the bombardier beetle.
The bombardier beetle is lightly wounded.
You shoot an arrow. The arrow hits the bombardier beetle.
The bombardier beetle is moderately wounded.
The bombardier beetle sprays incendiary fluid at you.
The burning spray hits you.
You are covered in liquid fire!
You shoot an arrow. The arrow hits the bombardier beetle.
The bombardier beetle is heavily wounded.
The liquid fire burns you!
You shoot an arrow. The arrow hits the bombardier beetle!
The bombardier beetle is almost dead.
The liquid fire burns you!
You shoot an arrow.
The arrow barely misses the bombardier beetle.
The liquid fire burns you!
You shoot an arrow. The arrow hits the bombardier beetle.
You kill the bombardier beetle!
The liquid fire burns you!
You are on fire!
The liquid fire burns you!
You are on fire!
The liquid fire burns you!
You are on fire!
The liquid fire burns you!
You are on fire!
The liquid fire burns you!
You are on fire!
The liquid fire burns you!
You die...

..#........!...
................
................
...........$....
........%.......
$...............
................
........@.......
..#...........#
#############


There were no monsters in sight!

Vanquished Creatures
  A bombardier beetle (D:3)
  Jessica (D:2)
  A gnoll (D:1)
  An adder (D:2)
  5 bats
  3 endoplasms
  2 giant cockroaches (D:1)
  3 goblins (D:1)
  3 jackals (D:1)
  4 ball pythons (D:1)
  4 frilled lizards (D:1)
  4 kobolds (D:1)
  8 rats
40 creatures vanquished.

Notes
Turn   | Place    | Note
-------+----------+-------------------------------------------
     0 | D:1      | qw the Gargoyle Hunter began the quest for the Orb.
     0 | D:1      | Reached XP level 1. HP: 12/12 MP: 1/1
     0 | D:1      | 0 ||| qw: Version: 0.3-a-132-g3d54051
     0 | D:1      | 0 ||| qw: Game counter: 387
     0 | D:1      | 0 ||| qw: Melee chars always use a shield: true
     0 | D:1      | 0 ||| qw: God list: Okawaru
     0 | D:1      | 0 ||| qw: Allow faded altars: false
     0 | D:1      | 0 ||| qw: Do Orc after clearing Dungeon:15 true
     0 | D:1      | 0 ||| qw: Do second Lair branch before Depths: true
     0 | D:1      | 0 ||| qw: Lair rune preference: random
     0 | D:1      | 0 ||| qw: Goals: Normal
     0 | D:1      | 0 ||| PLANNING D:1-11
    47 | D:1      | HP: 3/12 [jackal (1)]
    92 | D:1      | Reached XP level 2. HP: 17/17 MP: 2/2
   170 | D:1      | Found a faded altar of an unknown god.
   262 | D:1      | Reached XP level 3. HP: 21/21 MP: 3/3
   278 | D:1      | Reached skill level 5 in Ranged Weapons
   725 | D:1      | 725 ||| READING 2 scrolls labelled XYERAYS OHOOS.
   726 | D:1      | 726 ||| READING scroll labelled QASTIPH KODDO.
   726 | D:1      | 726 ||| IDENTIFYING grey potion
   727 | D:1      | 727 ||| READING scroll labelled QEUMIK REICS.
   728 | D:1      | 728 ||| DROPPING scroll of butterflies.
   729 | D:1      | 729 ||| DROPPING scroll of immolation.
   782 | D:2      | Noticed Jessica
   785 | D:2      | Killed Jessica
   786 | D:2      | Reached skill level 3 in Fighting
   786 | D:2      | Reached XP level 4. HP: 28/28 MP: 4/4
   808 | D:2      | Identified the +13 plate armour "Fotask" {-Tele rElec
                  | Dex+2}
   854 | D:2      | Found a stormy altar of Qazlal.
   916 | D:2      | 916 ||| DROPPING +0 heavy sling.
   956 | D:2      | You fall into a shaft and drop 1 floor!
   967 | D:3      | HP: 7/28 [burnt (4)]
   970 | D:3      | Incinerated by a bombardier beetle

Levels and vault maps discovered:
D:1:      ebering_trefoil_twist, layout_basic, shapermc_ecumenical_altar_venn,
          minmay_misc_feat_five, lemuel_flame_loot_1
D:2:      layout_basic, basic_altar, hangedman_glass_teeth, minmay_misc_feat_x,
          uniq_sigmund, uniq_jessica
D:3:      layout_rooms, nicolae_qazlal_beasts_of_the_sky, minmay_between,
          uniq_ijyb

Skill      XL: |  1  2  3 |
---------------+----------+-----
Ranged Weapons | 5 |  5.6
Fighting       | 3 |  3.3
Dodging        | |  1.5
Stealth        | |  1.1

Action                     |  1- 3 |  4- 6 || total
---------------------------+-------+-------++-------
   Fire: Shortbow          |    98 |    23 ||   121
    Use: Scroll            |     3 |       ||     3
 Armour: Leather armour    |    35 |     2 ||    37
  Dodge: Dodged            |    31 |     8 ||    39

Table legend:
 A = Non-vault XP
 B = Vault XP
 C = Vault XP percentage of total XP
 D = Non-vault monster count
 E = Vault monster count
 F = Vault count percentage of total count
                 A         B        C        D         E       F
            +---------+---------+-------+---------+---------+-------
      Total |     126 |      37 |  22.7 |      39 |       1 |   2.5
            +---------+---------+-------+---------+---------+-------
        D:1 |      66 |       0 |   0.0 |      34 |       0 |   0.0
        D:2 |      18 |      37 |  67.3 |       4 |       1 |  20.0
        D:3 |      42 |       0 |   0.0 |       1 |       0 |   0.0
            +---------+---------+-------+---------+---------+-------
